 Dungeon Crawl Stone Soup version 0.31-a0-204-g7da18cac08 (webtiles) character file.

Game seed: 17744792375298470858

20 qw the Shooter (level 2, 0/16 HPs)
             Began as a Deep Elf Hunter on June 27, 2023.
             Slain by an adder (1 damage)
             ... on level 2 of the Dungeon.
             The game lasted 00:00:30 (1135 turns).

qw the Shooter (Deep Elf Hunter)                    Turns: 1135, Time: 00:00:31

Health: 0/16       AC:  9    Str:  8    XL:     2   Next: 58%
Magic:  4/4        EV:  8    Int: 13    God:
Gold:   64         SH:  0    Dex: 14    Spells: 1/1 levels left

rFire   + + .        Y - +0 shortbow
rCold   . . .        (shield currently unavailable)
rNeg    . . .        d - +0 scale mail
rPois   .            (no helmet)
rElec   .            a - +2 cloak of Zajiv {Rampage rF++ rCorr Dex-4}
rCorr   +            (no gloves)
SInv    .            (no boots)
Will    .....        (no amulet) Stlth
                     (no ring)
HPRegen 0.22/turn    (no ring)
MPRegen 0.09/turn

%: rampage
@: lethally poisoned (0 -> -4)
A: no striking features
a: no special abilities


You were on level 2 of the Dungeon.
You visited 1 branch of the dungeon, and saw 2 of its levels.

You collected 64 gold pieces.


   Skills:
 - Level 1.5 Fighting
 + Level 6.3 Ranged Weapons
 - Level 2.4 Dodging
 - Level 1.2 Stealth


You had one spell level left.
You didn't know any spells.
Your spell library was empty.

Inventory:

Hand Weapons
 Y - a +0 shortbow (weapon)
Armour
 a - the +2 cloak of Zajiv (worn) {Rampage rF++ rCorr Dex-4}
   (You acquired it on level 1 of the Dungeon)

   Dex:       It affects your dexterity (-4).
   rF:        It greatly protects you from fire.
   rCorr:     It protects you from acid and corrosion.
   Rampage:   It bestows one free step when moving towards enemies.
 d - a +0 scale mail (worn)
Scrolls
 c - 2 scrolls of identify
Potions
 b - a potion of magic {unknown}
 f - a potion of enlightenment {unknown}
 i - a potion of curing {unknown}

Dungeon Overview and Level Annotations

Branches:
Dungeon (2/15)

Altars:


Message History

An adder comes into view.
The adder hisses angrily.
The adder bites you but does no damage.
Enter note:
Enter note: You shoot an arrow.
The arrow completely misses the adder.
The adder bites you but does no damage.
You shoot an arrow. The arrow barely misses the adder.
The adder bites you but does no damage. The adder bites you.
You shoot an arrow. The arrow misses the adder.
The adder bites you but does no damage. The adder barely misses you.
You shoot an arrow. The arrow closely misses the adder.
The adder bites you.
You are poisoned.
The adder poisons you! The adder bites you but does no damage.
You shoot an arrow. The arrow barely misses the adder.
You feel sick.
The adder bites you but does no damage. x2
You shoot an arrow. The arrow barely misses the adder.
You feel sick. The adder bites you. The adder barely misses you.
You shoot an arrow. The arrow hits the adder.
The adder is moderately wounded.
You feel sick. The adder bites you but does no damage.
The adder closely misses you.
You shoot an arrow. The arrow hits the adder!
The adder is almost dead.
You feel sick.
You are no longer poisoned.
The adder bites you but does no damage. The adder completely misses you.
You shoot an arrow.
The arrow hits the adder but does no damage.
The adder is almost dead.
The adder bites you.
You are lethally poisoned!
The adder poisons you! The adder bites you but does no damage.
You shoot an arrow.
The arrow hits the adder but does no damage.
The adder is almost dead.
You feel very sick. The adder bites you.
You die...

..##..#P~~~.~~~
#...<.###~~.~~
..##....##~.~###
####.....#P.P#.###
#.....##.##.#.#
#..(.#......#.###
#.......[.......#
####.##.#.###.#.#
#......# #@# #
####.### #.S....#
#.# #.....## #.#
#.....# ...
#.....# #.....#
#######


You could see an adder.

Vanquished Creatures
  2 giant cockroaches (D:1)
  A goblin (D:1)
  A hobgoblin (D:1)
  2 quokkas (D:1)
  2 ball pythons (D:1)
  3 frilled lizards (D:1)
  8 kobolds (D:1)
  A rat (D:1)
20 creatures vanquished.

Notes
Turn   | Place    | Note
-------+----------+-------------------------------------------
     0 | D:1      | qw the Deep Elf Hunter began the quest for the Orb.
     0 | D:1      | Reached XP level 1. HP: 12/12 MP: 3/3
     0 | D:1      | 0 ||| qw: Version: 0.3-a-22-g0ed2b0b
     0 | D:1      | 0 ||| qw: Game counter: 6541
     0 | D:1      | 0 ||| qw: Melee chars always use a shield: true
     0 | D:1      | 0 ||| qw: God list: Okawaru
     0 | D:1      | 0 ||| qw: Allow faded altars: false
     0 | D:1      | 0 ||| qw: Do Orc after clearing Dungeon:15 true
     0 | D:1      | 0 ||| qw: Do second Lair branch before Depths: true
     0 | D:1      | 0 ||| qw: Lair rune preference: random
     0 | D:1      | 0 ||| qw: Goals: Normal
     0 | D:1      | 0 ||| PLANNING D:1-11
   215 | D:1      | Reached skill level 6 in Ranged Weapons
   215 | D:1      | Reached XP level 2. HP: 16/16 MP: 4/4
   603 | D:1      | 603 ||| Stepping ~*~*~tactically~*~*~ (outnumbered).
   619 | D:1      | 619 ||| FLEEEEING.
   625 | D:1      | 625 ||| FLEEEEING.
   626 | D:1      | 626 ||| FLEEEEING.
   697 | D:1      | 697 ||| UPGRADING to +0 scale mail.
   717 | D:1      | 717 ||| DROPPING +0 leather armour.
   728 | D:1      | 728 ||| READING scroll labelled BOECATZUAWN.
   739 | D:1      | 739 ||| READING scroll labelled CILEAR QEOC.
   750 | D:1      | 750 ||| READING 2 scrolls labelled CETZOH YGGIOGG.
   761 | D:1      | 761 ||| READING scroll labelled ZOOQIBLACRI.
   762 | D:1      | 762 ||| FLEEEEING.
   956 | D:1      | 956 ||| READING scroll labelled JURHYFO TOMA.
   956 | D:1      | Identified a scroll of acquirement
   956 | D:1      | 956 ||| ACQUIRING +2 cloak of Zajiv {Rampage rF++ rCorr
                  | Dex-4}
   956 | D:1      | Acquired the +2 cloak of Zajiv {Rampage rF++ rCorr Dex-4}
   958 | D:1      | 958 ||| UPGRADING to +2 cloak of Zajiv {Rampage rF++ rCorr
                  | Dex-4}.
   963 | D:1      | 963 ||| READING scroll labelled PADDONNICSI.
   964 | D:1      | 964 ||| READING scroll labelled FANTOH YGONG.
   965 | D:1      | 965 ||| DROPPING scroll of butterflies.
   966 | D:1      | 966 ||| DROPPING scroll of blinking.
  1133 | D:2      | HP: 4/16 [poisoned by an adder]
  1135 | D:2      | HP: 1/16 [poisoned by an adder]
  1135 | D:2      | Slain by an adder

Levels and vault maps discovered:
D:1:      minmay_arrival_plants_in_alcoves, layout_loops_ring,
          lexackson_kobold_supper
D:2:      layout_loops_cross, basic_altar, kennysheep_path_1,
          dreamdust_princess_bridge, uniq_jessica

Skill      XL: |  1 |
---------------+----+-----
Ranged Weapons | 6 |  6.3
Fighting       | |  1.5
Dodging        | |  2.4
Stealth        | |  1.2

Action                     || total
---------------------------++-------
   Fire: Shortbow          ||    64
    Use: Scroll            ||     7
 Armour: Scale mail        ||    12
         Leather armour    ||     3
  Dodge: Dodged            ||    29

Table legend:
 A = Non-vault XP
 B = Vault XP
 C = Vault XP percentage of total XP
 D = Non-vault monster count
 E = Vault monster count
 F = Vault count percentage of total count
                 A         B        C        D         E       F
            +---------+---------+-------+---------+---------+-------
      Total |      18 |      11 |  37.9 |      12 |       8 |  40.0
            +---------+---------+-------+---------+---------+-------
        D:1 |      18 |      11 |  37.9 |      12 |       8 |  40.0
            +---------+---------+-------+---------+---------+-------
